cohdb
Replays
Latest Replays
All Replays
Popular Replays
Top Player Replays
Match Explorer
How It Works
Community
CoH3 Stats
Reddit
Sign in to upload your games and track your stats! →
Sign in with Steam
Match 42047126
Unlisted
Match 42047126
Overview
Messages
Build Orders
End
Construct Section Command Post
Dingo Light Scout Car
Infantry Section
Infantry Section
Construct Platoon Command Post
Unlock M3 Stuart Light Tanks
M3 Stuart Light Tank
M3 Stuart Light Tank
Royal Engineer Section
Vickers Machine Gun Team
CMP 15cwt Truck
M3 Stuart Light Tank
Construct Company Command Post
Selects Australian Defense Battlegroup
Selects Australian Light Infantry Section
Selects Defensive Tactics
Selects Hold the Line!
Vickers Machine Gun Team
Vickers Machine Gun Team
Selects CMP 15cwt Supply Run
Selects Reinforced Resource Caches
Team Weapon Training
M3 Stuart Light Tank
Selects Charged Creeping Barrage
Charged Creeping Barrage
Charged Creeping Barrage
[TW]克特
General Custard Cream
飞漩
Alone._.Wolf
iceman
Getier
枝江最甜甜的小草莓
試製陣風
0
0
Comments
sign in to comment!
No comments posted yet!